 Dungeon Crawl Stone Soup version 0.31.0-11-ge490571c62 (webtiles) character file.

Game seed: 3233762820911096366

120 qw the Skirmisher (level 4, 0/26 HPs)
             Began as a Deep Elf Hunter on Feb 3, 2024.
             Incinerated by a bombardier beetle (3 damage)
             ... with a burning spray
             ... on level 2 of the Dungeon.
             The game lasted 00:00:19 (1346 turns).

qw the Skirmisher (Deep Elf Hunter)                 Turns: 1346, Time: 00:00:19

Health: 0/26       AC:  3    Str: 10    XL:     4   Next: 75%
Magic:  6/6        EV: 13    Int: 14    God:
Gold:   82         SH:  5    Dex: 18    Spells: 3/3 levels left

rFire   . . .        a - +0 shortbow
rCold   . . .        (shield currently unavailable)
rNeg    . . .        c - +0 leather armour
rPois   .            (no helmet)
rElec   .            (no cloak)
rCorr   .            (no gloves)
SInv    .            (no boots)
Will    .....        h - amulet of reflection
Stlth   +            (no ring)
HPRegen 0.24/turn    (no ring)
MPRegen 0.10/turn

%: reflection
@: on fire, glowing
A: no striking features
a: no special abilities


You were on level 2 of the Dungeon.
You visited 1 branch of the dungeon, and saw 2 of its levels.

You collected 82 gold pieces.


   Skills:
 + Level 1.6 Fighting
 - Level 13.2 Ranged Weapons
 - Level 3.1 Dodging
 - Level 1.2 Stealth


You had 3 spell levels left.
You didn't know any spells.
Your spell library was empty.

Inventory:

Hand Weapons
 a - a +0 shortbow (weapon)
Armour
 c - a +0 leather armour (worn)
Jewellery
 h - an amulet of reflection (around neck)
Wands
 d - a wand of digging (7)
Scrolls
 b - a scroll of blinking {unknown}
Potions
 i - 2 potions of curing

Dungeon Overview and Level Annotations

Branches:
Dungeon (2/15)

Altars:

Shops:
D:1 (


Message History

You shoot an arrow. The arrow hits the jackal!
You kill the jackal!
The liquid fire burns you!
An adder comes into view.
You shoot an arrow. The arrow closely misses the adder.
The adder hisses angrily.
The liquid fire burns you!
You shoot an arrow. The arrow barely misses the adder.
The liquid fire burns you!
You shoot an arrow. The arrow closely misses the adder.
The liquid fire burns you!
You hear a shout!
A hobgoblin comes into view.
You shoot an arrow. The arrow barely misses the adder.
The liquid fire burns you! The adder barely misses you.
1339 ||| DRINKING potion of heal wounds.
You feel much better. The liquid fire burns you! You block the adder's attack.
You shoot an arrow. The arrow hits the adder.
The adder is heavily wounded.
The liquid fire burns you! The adder bites you but does no damage.
You shoot an arrow. The arrow hits the adder!
You kill the adder!
The liquid fire burns you!
1342 ||| FLEEEEING.
You shake off some of the fire as you move.
The liquid fire burns you!
You shoot an arrow. The arrow hits the hobgoblin!
You kill the hobgoblin!
The liquid fire burns you!
You are on fire!
The liquid fire burns you!
You are on fire!
The liquid fire burns you!
You are on fire!
The liquid fire burns you!
You die...

...###...........#
###.#.###.##.##..#
#..........%..# ##
######.##.##..###....
##.#.#........#
######...##.####...
#.......###.#
#.####### #.# #
#@###%%.# #.$......
#.###...# #.. ## ####


There were no monsters in sight!

Vanquished Creatures
  A bombardier beetle (D:2)
  2 adders (D:2)
  A dart slug (D:2)
  A bat (D:2)
  5 endoplasms
  A giant cockroach (D:2)
  2 goblins
  8 hobgoblins
  2 jackals (D:2)
  3 quokkas (D:1)
  2 ball pythons (D:1)
  3 frilled lizards
  5 rats
36 creatures vanquished.

Notes
Turn   | Place    | Note
-------+----------+-------------------------------------------
     0 | D:1      | qw the Deep Elf Hunter began the quest for the Orb.
     0 | D:1      | Reached XP level 1. HP: 12/12 MP: 3/3
     0 | D:1      | 0 ||| qw: Version: 0.3-a-155-g5e7d8dd
     0 | D:1      | 0 ||| qw: Game counter: 3225
     0 | D:1      | 0 ||| qw: Melee chars always use a shield: true
     0 | D:1      | 0 ||| qw: God list: Okawaru
     0 | D:1      | 0 ||| qw: Allow faded altars: false
     0 | D:1      | 0 ||| qw: Do Orc after clearing Dungeon:15 true
     0 | D:1      | 0 ||| qw: Do second Lair branch before Depths: true
     0 | D:1      | 0 ||| qw: Lair rune preference: random
     0 | D:1      | 0 ||| qw: Goals: Normal
     0 | D:1      | 0 ||| PLANNING D:1-11
    65 | D:1      | Found Quadog's Antique Weapon Shop.
    84 | D:1      | 84 ||| SHOPLISTING runed sling (117 gold, have 14).
   292 | D:1      | Reached skill level 6 in Ranged Weapons
   292 | D:1      | Reached XP level 2. HP: 16/16 MP: 4/4
  1034 | D:1      | 1034 ||| UPGRADING to amulet of reflection.
  1039 | D:1      | 1039 ||| READING 3 scrolls labelled AJY DEYFIJ.
  1039 | D:1      | 1039 ||| IDENTIFYING bubbling black potion
  1040 | D:1      | 1040 ||| DRINKING potion of experience.
  1040 | D:1      | Reached skill level 13 in Ranged Weapons
  1040 | D:1      | Reached XP level 3. HP: 20/20 MP: 5/5
  1041 | D:1      | 1041 ||| READING 2 scrolls of identify.
  1041 | D:1      | 1041 ||| IDENTIFYING bubbling cyan potion
  1042 | D:1      | 1042 ||| READING scroll of identify.
  1042 | D:1      | 1042 ||| IDENTIFYING fuming emerald potion
  1043 | D:1      | 1043 ||| READING scroll labelled GAJEOCH OPTAY.
  1044 | D:1      | 1044 ||| READING scroll labelled NISEYDDODAICK.
  1048 | D:1      | 1048 ||| READING scroll labelled QOM TYTHRYCAOST.
  1149 | D:1      | 1149 ||| DRINKING 2 fizzy pink potions.
  1150 | D:1      | 1150 ||| DROPPING scroll of butterflies.
  1151 | D:1      | 1151 ||| DROPPING potion of brilliance.
  1224 | D:2      | Reached XP level 4. HP: 25/25 MP: 6/6
  1333 | D:2      | Reached skill level 3 in Dodging
  1338 | D:2      | HP: 5/25 [burnt (3)]
  1339 | D:2      | 1339 ||| DRINKING potion of heal wounds.
  1342 | D:2      | 1342 ||| FLEEEEING.
  1344 | D:2      | HP: 5/26 [burnt (5)]
  1346 | D:2      | Incinerated by a bombardier beetle

Levels and vault maps discovered:
D:1:      dpeg_arrival_leaves_temple_mockup, layout_basic, serial_shops,
          nicolae_shop_tiny_glass, corexii_item_surrounded_by_moat
D:2:      layout_loops_ring

Skill      XL: |  1  2  3  4 |
---------------+-------------+-----
Ranged Weapons | 6 13 | 13.2
Dodging        | 3 |  3.1
Fighting       | |  1.6
Stealth        | |  1.2

Action                     |  1- 3 |  4- 6 || total
---------------------------+-------+-------++-------
   Fire: Shortbow          |    72 |    21 ||    93
    Use: Scroll            |     6 |       ||     6
         Potion            |     2 |     1 ||     3
 Armour: Leather armour    |     3 |     1 ||     4
  Dodge: Dodged            |     7 |     1 ||     8
  Block: Other             |     1 |     1 ||     2

Table legend:
 A = Non-vault XP
 B = Vault XP
 C = Vault XP percentage of total XP
 D = Non-vault monster count
 E = Vault monster count
 F = Vault count percentage of total count
                 A         B        C        D         E       F
            +---------+---------+-------+---------+---------+-------
      Total |     126 |       0 |   0.0 |      36 |       0 |   0.0
            +---------+---------+-------+---------+---------+-------
        D:1 |      31 |       0 |   0.0 |      19 |       0 |   0.0
        D:2 |      95 |       0 |   0.0 |      17 |       0 |   0.0
            +---------+---------+-------+---------+---------+-------
